 Dungeon Crawl Stone Soup version 0.27-a0-1325-g58a489ad9e (webtiles) character file.

Game seed: 7857525286794145755

202 puppykicker the Vexing (level 5, -2/38 HPs)
             Began as a Vampire Arcane Marksman on June 24, 2021.
             Killed by nerve-wracking pain
             ... invoked by Grinder
              (3 damage)
             ... on level 3 of the Dungeon.
             The game lasted 00:08:26 (2295 turns).

puppykicker the Vexing (Vampire Arcane Marksman)    Turns: 2295, Time: 00:08:27

Health: -2/38      AC: 13    Str:  8 (9)  XL:     5   Next: 50%
Magic:  2/6        EV: 13    Int: 12 (15) God:
Gold:   95         SH:  0    Dex: 15 (16) Spells: 3/6 levels left

rFire    . . .     SeeInvis +   w - +2 dagger (protect)
rCold    . . .     Faith    .   (no shield)
rNeg     . . .     Spirit   .   d - +0 robe
rPois    .         Reflect  .   (no helmet)
rElec    .         Harm     .   c - +2 cloak
rCorr    +         Rampage  .   (no gloves)
Will     .....                  v - +0 pair of boots
Stlth    ++........             (no amulet)
HPRegen  0.32/turn              C - ring of resist corrosion
MPRegen  0.10/turn              W - ring of wizardry {Wiz+}

@: under a protective aura, healing quickly
A: alive, fangs 3, see invisible, vampiric 2
a: Exsanguinate


You were on level 3 of the Dungeon.
You visited 1 branch of the dungeon, and saw 3 of its levels.

You collected 95 gold pieces.

Inventory:

Hand Weapons
 a - a +0 shortbow
 b - a +0 short sword
 w - a +2 dagger of protection (weapon)
Missiles
 t - 20 poisoned darts (quivered)
Armour
 c - a +2 cloak (worn)
 d - a +0 robe (worn)
 v - a +0 pair of boots (worn)
Jewellery
 k - a ring of fire {rF+, rC-}
 s - an amulet of faith {Faith, !P}
 C - a ring of resist corrosion (left hand)
 W - a ring of wizardry (right hand) {Wiz+}
Scrolls
 f - a scroll of silence {unknown}
 h - a scroll of enchant weapon {unknown}
 j - a scroll of amnesia {unknown}
 l - a scroll of teleportation {unknown}
 m - a scroll of vulnerability {unknown}
 n - a scroll of noise {unknown}
 p - a scroll of identify {unknown}
 u - a scroll of holy word {unknown}


   Skills:
 - Level 2.0 Fighting
 + Level 2.3(2.4) Short Blades
 + Level 0.6(1.4) Long Blades
 + Level 2.8 Bows
 - Level 1.0 Armour
 - Level 3.0 Dodging
 + Level 3.0 Stealth
 - Level 1.0 Spellcasting
 - Level 4.4 Hexes


You had 3 spell levels left.
You knew the following spells:

 Your Spells              Type           Power      Damage    Failure   Level
a - Corona                Hex            12%        N/A       1%          1
s - Slow                  Hex            11%        N/A       3%          2

Your spell library contained the following spells:

 Spells                   Type           Power      Damage    Failure   Level
 Inner Flame              Hex/Fire       5%         N/A       16%         3
 Portal Projectile        Hex/Tloc       10%        N/A       16%         3
 Cause Fear               Hex            5%         N/A       21%         4
 Leda's Liquefaction      Hex/Erth       2%         N/A       43%         4


Dungeon Overview and Level Annotations

Branches:
Dungeon (3/15)

Altars:

Annotations:
D:3 Grinder


Innate Abilities, Weirdness & Mutations

Your natural rate of healing is accelerated.
You have razor-sharp teeth.
You have supernaturally acute eyesight. (SInv)
You are afflicted with vampirism and can become a bat while bloodless.


Message History

You closely miss Grinder. You hit Grinder.
Your weapon exudes an aura of protection.
Grinder hits you but does no damage.
You closely miss Grinder. You hit Grinder. Grinder hits you!
* * * LOW HITPOINT WARNING * * *
You take 10 damage, and have 7/57 hp.
You aren't carrying any items that you can evoke.
Unknown command.
You aren't carrying any potions.
Unknown command.
As you read the scroll labelled DITEIGEBIT, it crumbles to dust.
Wisps of shadow whirl around you...
It was a scroll of summoning.
You hit Grinder but do no damage.
Grinder is no longer moving slowly.
Grinder hits you.
* * * LOW HITPOINT WARNING * * *
You take 6 damage, and have 1/57 hp.
Unknown command.
You hit Grinder but do no damage.
Grinder blinks!
Unknown command.
What are your orders? t - Creak!
Orders for allies: a - Attack new target. p - Attack previous target. r - Retreat! s - Stop attacking. g - Guard the area. f - Follow me.
Anything else - Cancel.
Gang up on whom?
Press: ? - help, Dir - move target, f/p - Grinder
Aim: Grinder (almost dead, strong, ally target) Attack!
Grinder no longer looks unusually strong.
Okay, then.
You feel less wooden.
Your +2 cloak unmelds from your body.
Your +0 pair of boots unmelds from your body.
Your +0 robe unmelds from your body.
Grinder gestures at you. Pain shoots through your body!
You die...

##.###....####.################
+..........[............>#
###.#####.#...........##+####
#..# #.#.####.####'#.....# ##.#
#.#.####'###........# #.##
#.#.#..h...#........# #..#
#...#.5h...#........#
###.#######.g.h.(#........#
#..).# #..(@((#....##### #....#
####'######## #....# #.# ####.#
#####.########## #.##
#..............# #..#
#......###.....# ##.#
#..........[...# #.#
#............†##
##'####.............###


You could see Grinder (ally target), 3 friendly jackals and a friendly hobgoblin
(summoned).

Levels and vault maps discovered:
D:1:      scummos_arrival_hexagon, layout_rooms
D:2:      kennysheep_big_flooded_room, layout_basic,
          shapermc_ecumenical_altar_hornbeckon, minmay_stone_trees_medium,
          minmay_pentomino_r2
D:3:      layout_basic, lemuel_coloured_pillars_altar, uniq_grinder

Notes
Turn   | Place    | Note
-------+----------+-------------------------------------------
     0 | D:1      | puppykicker the Vampire Arcane Marksman began the quest for
                  | the Orb.
     0 | D:1      | Reached XP level 1. HP: 14/14 MP: 2/2
     8 | D:1      | Identified a +2 cloak
    17 | D:1      | Identified a +0 short sword
    93 | D:1      | Identified a +2 dagger of speed
   101 | D:1      | Identified a +0 dagger
   104 | D:1      | Reached skill level 2 in Bows
   178 | D:1      | Reached XP level 2. HP: 17/20 MP: 3/3
   192 | D:1      | Identified a +0 shortbow
   194 | D:1      | Identified a +0 dagger
   197 | D:1      | Reached skill level 1 in Fighting
   280 | D:1      | Identified a +0 dagger
   300 | D:1      | Identified a +0 short sword
   315 | D:1      | Identified a ring of fire
   396 | D:1      | Identified a +0 club
   587 | D:2      | Identified a +0 dagger
   634 | D:2      | Identified a +0 club
   691 | D:2      | Identified a +0 dagger
   693 | D:2      | Noticed a necrophage
   695 | D:2      | Gained mutation: You are afflicted with vampirism and can
                  | become a bat while bloodless. [Vampire growth]
   695 | D:2      | Reached XP level 3. HP: 25/26 MP: 4/4
   701 | D:2      | Reached skill level 1 in Stealth
   739 | D:1      | Learned a level 2 spell: Slow
   793 | D:2      | Identified a +0 club
   831 | D:2      | Identified a +0 dagger
   841 | D:2      | Identified a ring of resist corrosion
   960 | D:2      | Identified a +0 leather armour
  1130 | D:2      | Reached skill level 1 in Short Blades
  1199 | D:2      | Killed a necrophage
  1200 | D:2      | Reached skill level 1 in Armour
  1200 | D:2      | Reached skill level 2 in Stealth
  1200 | D:2      | Reached XP level 4. HP: 27/33 MP: 3/5
  1200 | D:2      | Reached XP level 5. HP: 31/38 MP: 3/6
  1242 | D:2      | Reached skill level 2 in Short Blades
  1242 | D:2      | Reached skill level 3 in Dodging
  1246 | D:2      | Identified a +0 dagger
  1305 | D:2      | Found a faded altar of an unknown god.
  1345 | D:2      | Identified a +0 spear
  1518 | D:2      | Identified an amulet of faith
  1874 | D:3      | Noticed Grinder
  1974 | D:3      | Reached skill level 2 in Fighting
  1974 | D:3      | Identified a ring of wizardry
  1993 | D:3      | Identified a +0 pair of boots
  2046 | D:3      | Identified a +0 dagger
  2159 | D:3      | Reached skill level 3 in Stealth
  2217 | D:3      | Identified a +0 flail
  2255 | D:3      | Identified a potion of cancellation
  2256 | D:3      | Identified a potion of lignification
  2282 | D:3      | Identified a potion of flight
  2283 | D:3      | Identified a potion of degeneration
  2284 | D:3      | Identified a scroll of brand weapon
  2290 | D:3      | HP: 7/57 [Grinder (11)]
  2291 | D:3      | Identified a scroll of summoning
  2292 | D:3      | HP: 1/57 [Grinder (6)]
  2295 | D:3      | Identified a +0 robe
  2295 | D:3      | Killed from afar by Grinder

Table legend: (Time is in decaauts)
 A = Elapsed time spent in this place.
 B = Non-inter-level travel time spent in this place.
 C = Inter-level travel time spent in this place.
 D = Time resting spent in this place.
 E = Time spent auto-exploring this place.
 F = Levels seen in this place.
 G = Mean time per level.
                   A        B        C        D        E       F      G
               +--------+--------+--------+--------+--------+-----+--------+
         Total |   2317 |   2208 |    109 |    135 |   1454 |   3 |  772.3 |
       Dungeon |   2317 |   2208 |    109 |    135 |   1454 |   3 |  772.3 |
               +--------+--------+--------+--------+--------+-----+--------+

Top non-repeatable levels by time:
     D:2: 1226 daAuts
     D:1: 681 daAuts
     D:3: 409 daAuts

Table legend:
 A = Kills in this place as a percentage of kills in entire the game.
 B = Kills by you in this place as a percentage of kills by you in the entire game.
 C = Kills by friends in this place as a percentage of kills by friends in the entire game.
 D = Other kills in this place as a percentage of other kills in the entire game.
 E = Experience gained in this place as a percentage of experience gained in the entire game.
 F = Experience gained in this place divided by the number of levels of this place that you have seen.
                   A       B       C       D       E      F
               +-------+-------+-------+-------+-------+----------------------
         Total | 100.0 | 100.0 |   N/A |   N/A | 100.0 |  96.3
       Dungeon | 100.0 | 100.0 |   N/A |   N/A | 100.0 |  96.3
               +-------+-------+-------+-------+-------+----------------------

Skill      XL: |  1  2  3  4  5 |
---------------+----------------+-----
Bows           | 2 |  2.8
Fighting       | 1 2 |  2.0
Stealth        | 2 3 |  3.0
Short Blades   | 1 2 |  2.3
Armour         | 1 |  1.0
Dodging        | 3 |  3.0
Long Blades    | |  0.6
Spellcasting   | |  1.0
Hexes          | |  4.4

Action                   |  1- 3 |  4- 6 || total
-------------------------+-------+-------++-------
Melee: Short sword       |    56 |    89 ||   145
       Bite              |     4 |    13 ||    17
       Dagger            |       |     7 ||     7
 Fire: Shortbow          |    84 |    17 ||   101
 Cast: Slow              |     6 |     9 ||    15
       Corona            |     3 |     5 ||     8
  Use: Potion            |       |     4 ||     4
       Scroll            |       |     2 ||     2
 Stab: Sleeping          |     1 |     4 ||     5
Armor: Robe              |    46 |    25 ||    71
       Skin              |       |    10 ||    10
Dodge: Dodged            |    74 |    49 ||   123

Vanquished Creatures
  A necrophage (D:2)
  6 adders
  2 dart slugs
  4 ball pythons
  3 endoplasms (D:1)
  3 giant cockroaches
  8 goblins
  4 hobgoblins
  6 kobolds
  3 quokkas
  8 bats
  2 frilled lizards
  6 rats
56 creatures vanquished.

Vanquished Creatures (others)
  4 fungi (D:2)
  2 plants (D:2)
6 creatures vanquished.

Grand Total: 62 creatures vanquished
